 Dungeon Crawl Stone Soup version 0.31-a0-574-g69dc8cc98e (webtiles) character file.

Game seed: 10754917548239177872

5972 Hubris850 the Grappler (level 10, -3/70 (71) HPs)
             Began as a Black Draconian Shapeshifter on Aug 18, 2023.
             Was an Elder of Ignis.
             Slain by a wolf (7 damage)
             ... on level 7 of the Dungeon.
             The game lasted 00:25:03 (10653 turns).

Hubris850 the Grappler (DrSh)                      Turns: 10653, Time: 00:25:04

HP:   -3/70 (71)    AC:  9    Str: 17    XL:     10   Next: 55%
MP:   0/10          EV: 12    Int: 14    God:    Ignis [****..]
Gold: 399           SH:  0    Dex: 11    Spells: 9/9 levels left

rFire   + .          .
                       - Unarmed
rCold   . . .        (shield currently unavailable)
rNeg    + . .        (body armour unavailable)
rPois   .            (helmet restricted)
rElec   +            p - +1 cloak
rCorr   .            (no gloves)
SInv    .            (no boots)
Will    +....        g - amulet of guardian spirit
Stlth   +            e - ring of willpower
HPRegen 0.31/turn    t - ring of positive energy
MPRegen 0.12/turn

%: guardian spirit
@: flux-form, glowing, lightly drained
A: glow, contaminating, breathe lightning, AC +7, unfitting armour, electricity
resistance, cold-blooded
a: Breathe Lightning, Begin Untransformation, Renounce Religion, Fiery Armour,
Foxfire Swarm


You were on level 7 of the Dungeon.
You worshipped Ignis.
Ignis was greatly pleased with you.
You were something dangerously unstable.
You visited 1 branch of the dungeon, and saw 8 of its levels.
You also visited: Bailey.

You collected 399 gold pieces.

Inventory:

Hand Weapons
 o - a +3 spectral quarterstaff
Missiles
 a - a throwing net
 v - 4 poisoned darts
 x - 6 boomerangs
Armour
 p - a +1 cloak (worn)
 H - the +1 hat of the Butcher {Str+5 Int+3}
   (You found it on level 8 of the Dungeon)

   Str+5:     It affects your strength (+5).
   Int+3:     It affects your intelligence (+3).
Jewellery
 e - a ring of willpower (left hand)
 g - an amulet of guardian spirit (around neck)
 t - a ring of positive energy (right hand)
 y - a ring of willpower
Talismans
 b - a beast talisman
 c - a flux talisman (active)
Wands
 l - a wand of charming (1)
 s - a wand of iceblast (18)
 u - a wand of mindburst (13)
 A - a wand of flame (12)
Scrolls
 i - 2 scrolls of vulnerability
 r - 2 scrolls of immolation
 B - a scroll of silence
 F - a scroll of summoning {unknown}
Potions
 d - 3 potions of might
 f - a potion of cancellation
 j - 2 potions of attraction
 m - a potion of brilliance {unknown}
 n - 5 potions of curing
 q - a potion of heal wounds {unknown}
 w - a potion of magic {unknown}
 C - 2 potions of haste {unknown}
 D - 2 potions of invisibility {unknown}
 E - a potion of resistance {unknown}
Miscellaneous
 h - a sack of spiders


   Skills:
 - Level 1.1 Fighting
 - Level 1.7 Dodging
 + Level 11.2 Unarmed Combat
 + Level 10.4 Shapeshifting


You had 9 spell levels left.
You didn't know any spells.
Your spell library contained the following spells:

 Spells                   Type           Power      Damage    Failure   Level
 Cigotuvi's Dreadful Rot  Necr/Pois/Air  0%         N/A       41%         2
 Ignite Poison            Fire/Tmut/Pois 0%         N/A       65%         3
 Summon Guardian Golem    Hex/Summ       0%         N/A       65%         3
 Volatile Blastmotes      Fire/Tloc      0%         2d10      65%         3
 Fulminant Prism          Conj/Hex       0%         3d5       96%         4
 Iskenderun's Mystic Bla  Conj/Tloc      0%         2d3       96%         4
 Sticky Flame             Conj/Fire      0%         2d3       96%         4
 Freezing Cloud           Conj/Ice/Air   0%         6-21      100%        5
 Orb of Destruction       Conj           0%         9d5       100%        7
 Spellforged Servitor     Conj/Summ      0%         N/A       100%        7
 Ignition                 Fire           0%         3d3       100%        8


Dungeon Overview and Level Annotations

Branches:
Dungeon (8/15)             Temple (0/1) D:5            Lair (0/5) D:8
 Bailey (visited)

Altars:
Dithmenos
Fedhas
Nemelex Xobeh
The Shining One
Ignis

Shops:
D:8 *


Innate Abilities, Weirdness & Mutations

You are something dangerously unstable.
You glow with magical radiation, making you easy to see and hit.
Foes you strike become dangerously contaminated with magical radiation.
You are incapable of wielding weapons or throwing items.
You can breathe wild blasts of lightning.
Your glossy black scales are hard. (AC +7)
You cannot fit into any form of body armour.
You are resistant to electric shocks. (rElec)
You are cold-blooded and may be slowed by cold attacks.


Message History

The electric eel shoots out a bolt of lightning at you!
The bolt of electricity hits you. You resist.
* * * LOW HITPOINT WARNING * * *
The electric eel shoots out a bolt of lightning at you!
The bolt of electricity hits you. You resist.
* * * LOW HITPOINT WARNING * * *
As you read the scroll of fear, it crumbles to dust.
You assume a fearsome visage.
The troll looks frightened!
The electric eel looks frightened! x5
A wight comes into view. It is wielding a +5 scimitar.
A wight comes into view. It is wielding a +0 dagger.
The wolf howls!
The wolf bites you.
* * * LOW HITPOINT WARNING * * *
As you read the scroll of teleportation, it crumbles to dust.
You feel strangely unstable. The wolf barely misses you.
The wolf closely misses you. The wolf barely misses you.
Your surroundings seem slightly different.
A wight comes into view.
It is wielding a +4 scimitar of freezing.
Blink to where?
Press: ? - help, Dir - move target
As you read the scroll of blinking, it crumbles to dust.
The wolf puts on a burst of speed as it pursues you!
The wight puts on a burst of speed as it pursues you!
The wolf bites you!
* * * LOW HITPOINT WARNING * * *
The wolf bites you!
* * * LOW HITPOINT WARNING * * *
There is a stone staircase leading up here.
The wolf bites you but does no damage.
You climb upwards.
There is a stone staircase leading down here.
You hit the wolf but do no damage.
The wolf begins to glow.
Your tail-slap misses the wolf.
The wolf bites you but does no damage. x2
You punch the wolf!
The wolf glows dangerously bright.
Your tail-slap misses the wolf.
The wolf is heavily wounded.
The wolf bites you!
You die...

#..........#......#...[.....#
#..........#......#...#.....#
#..))......#......#[..#.....#
####..........##'#####o###.....#
.....########......###'#......##
.....# #......#...#......#
.....# #......#...#......#
.....# #......'...#......#
.....# #...Bh.#...#......#
.....# #......#...#...>..#
..)..# #......#...#......#
.)[).# #......#...#......#
.)<).# #......#####......#
###### ######## ########


You could see a wolf (pursuing, heavy contam).

Vanquished Creatures
  A two-headed ogre (D:6)
  A gargoyle (Bailey)
  A vampire (Bailey)
  2 wyverns (D:7)
  An acid dragon (D:6)
  3 orc warriors
  A sky beast (D:6)
  2 ice beasts (D:7)
  A black bear (D:8)
  A wolf (D:8)
  5 ogres
  2 phantoms (D:6)
  A centaur (D:6)
  5 bullfrogs
  A gnoll sergeant (D:7)
  2 scorpions (D:6)
  9 wights
  6 killer bees (D:7)
  An electric eel (D:8)
  8 vampire bats (Bailey)
  5 wolf zombies (Bailey)
  8 hounds
  3 orc priests
  Crazy Yiuf (D:4)
  4 jellies
  4 gnoll boudas
  2 iguanas (D:6)
  Ijyb (D:3)
  5 orc wizards
  Robin (D:3)
  20 gnolls
  11 adders
  2 shadow imps
  2 white imps (D:7)
  3 worms
  A dart slug (D:3)
  32 orcs
  4 ball pythons
  11 endoplasms
  2 giant cockroaches
  21 goblins
  10 hobgoblins
  3 jackals (D:3)
  5 quokkas
  5 bats
  A frilled lizard (D:1)
  9 kobolds
  20 orc zombies (Bailey)
  5 rats
255 creatures vanquished.

Vanquished Creatures (collateral kills)
  An orc wizard (D:6)
  A gnoll (D:7)
  3 orcs (D:6)
5 creatures vanquished.

Vanquished Creatures (others)
  20 foxfires (D:7)
20 creatures vanquished.

Grand Total: 280 creatures vanquished

Notes
Turn   | Place    | Note
-------+----------+-------------------------------------------
     0 | D:1      | Hubris850 the Draconian Shapeshifter began the quest for
                  | the Orb.
     0 | D:1      | Reached XP level 1. HP: 16/16 MP: 1/1
   352 | D:1      | Reached XP level 2. HP: 10/23 MP: 2/2
   818 | D:1      | You fall into a shaft and drop 1 floor!
   860 | D:2      | Reached XP level 3. HP: 23/28 MP: 3/3
  1244 | D:2      | Reached skill level 4 in Unarmed Combat
  1355 | D:2      | Found a faded altar of an unknown god.
  1474 | D:2      | Prayed at the altar of an unknown god.
  1474 | D:2      | Became a worshipper of Ignis, the Dying Flame
  1885 | D:3      | Reached XP level 4. HP: 34/35 MP: 4/4
  2237 | D:3      | Noticed Robin
  2283 | D:3      | Killed Robin
  2284 | D:3      | Reached XP level 5. HP: 27/40 MP: 5/5
  2736 | D:3      | Found a shadowy altar of Dithmenos.
  2746 | D:3      | Noticed Ijyb
  2768 | D:3      | Killed Ijyb
  2769 | D:3      | Reached skill level 5 in Unarmed Combat
  2927 | D:3      | Found a glowing golden altar of the Shining One.
  3256 | D:3      | Found a sparkling altar of Nemelex Xobeh.
  3635 | D:4      | Noticed an ogre
  3644 | D:4      | Killed an ogre
  3645 | D:4      | Reached skill level 5 in Shapeshifting
  3645 | D:4      | Reached XP level 6. HP: 30/47 MP: 2/6
  3842 | D:4      | Found a runed translucent door.
  3843 | D:4      | Noticed Crazy Yiuf
  3858 | D:4      | Killed Crazy Yiuf
  4372 | D:5      | Entered Level 5 of the Dungeon
  4397 | D:5      | Your scales start taking on a glossy black colour.
  4397 | D:5      | Reached XP level 7. HP: 37/52 MP: 4/7
  4397 | D:5      | Gained mutation: You are resistant to electric shocks.
                  | (rElec) [Black Draconian growth]
  4484 | D:5      | Identified the +1 leather armour "Cinacw" {rPois Dex+3}
  4662 | D:5      | Found a staircase to the Ecumenical Temple.
  5400 | D:6      | Reached skill level 6 in Unarmed Combat
  5686 | D:6      | Reached XP level 8. HP: 59/59 MP: 8/8
  6054 | D:6      | Reached skill level 7 in Unarmed Combat
  6095 | D:6      | Noticed a two-headed ogre
  6232 | D:6      | Killed a two-headed ogre
  6233 | D:6      | Reached skill level 8 in Unarmed Combat
  6241 | D:6      | Reached XP level 9. HP: 29/64 MP: 3/9
  6646 | D:6      | Reached skill level 9 in Unarmed Combat
  7444 | D:7      | HP: 1/57 [wight/+3 spear (7)]
  8072 | D:7      | Found a blossoming altar of Fedhas.
  8240 | D:7      | Reached skill level 10 in Unarmed Combat
  8492 | D:7      | Identified the +2 leather armour of Tender Moments {rC+ rN+
                  | Will+ Int+2}
  8553 | D:7      | Reached XP level 10. HP: 22/71 MP: 5/10
  9120 | D:8      | Found a flagged portal.
  9204 | Bailey   | Entered a bailey
  9533 | Bailey   | Noticed a gargoyle
  9542 | Bailey   | Killed a gargoyle
  9543 | Bailey   | Reached skill level 10 in Shapeshifting
  9733 | Bailey   | Identified the +1 leather armour of Limited Liability
                  | {+Blink rF+++ Int+3 Dex-3}
  9910 | Bailey   | Reached skill level 11 in Unarmed Combat
 10076 | D:8      | Found a staircase to the Lair.
 10494 | D:8      | Found Wysuoc's Assorted Antiques.
 10597 | D:8      | Identified the +1 hat of the Butcher {Str+5 Int+3}
 10649 | D:8      | HP: 3/70 [wolf (5)]
 10653 | D:7      | Slain by a wolf

Illustrated notes

Levels and vault maps discovered:
D:1:      heliophobic_arrival_battle_scene, layout_basic, minivault_11
D:2:      layout_basic, hellmonk_ecumenical_altar_inner_sanctum
D:3:      kennysheep_big_flooded_room, layout_basic, nemelex_dance_club_becter,
          mainiacjoe_overflow_brackets, tso_altar, hangedman_feature_mirror,
          uniq_robin, uniq_ijyb
D:4:      layout_loops_corners, serial_bayou_pond_e, dreamdust_princess_bridge,
          grunt_ministairs_2, uniq_crazy_yiuf_cottage
D:5:      layout_rooms, temple_green, minmay_misc_feat_tower,
          chequers_serial_rivers_micro_d
D:6:      kennysheep_windowed_halls, layout_loops_ring
D:7:      layout_gridville, fedhas_altar_3
D:8:      layout_rooms, erik_lair_island, serial_shops, shop, enter_bailey_3

Skill      XL: |  1  2  3  4  5  6  7  8  9 10 |
---------------+-------------------------------+-----
Unarmed Combat | 4 5 6 8 10 11 | 11.2
Shapeshifting  | 4 5 6 8 9 10 | 10.4
Fighting       | |  1.1
Dodging        | |  1.7

Action                     |  1- 3 |  4- 6 |  7- 9 | 10-12 || total
---------------------------+-------+-------+-------+-------++-------
  Melee: Unarmed           |   108 |   166 |   394 |   201 ||   869
         Tailslap          |    11 |    25 |    76 |    41 ||   153
         Punch             |     3 |     4 |       |       ||     7
 Invoke: Fiery Armour      |       |     1 |     1 |       ||     2
         Foxfire Swarm     |       |       |     1 |       ||     1
         Rising Flame      |       |       |     1 |       ||     1
Ability: Begin Untransform |       |     1 |       |       ||     1
         Breathe Lightning |       |       |     5 |     4 ||     9
  Evoke: Wand              |       |     1 |     7 |       ||     8
    Use: Scroll            |     6 |     3 |     8 |     5 ||    22
         Potion            |       |     2 |     1 |       ||     3
   Stab: Sleeping          |     1 |     1 |       |       ||     2
 Armour: Skin              |    26 |    52 |   138 |    73 ||   289
  Dodge: Dodged            |    55 |    95 |   272 |   148 ||   570
   Form: Flux              |       |     1 |       |       ||     1

Table legend: (Time is in decaauts)
 A = Elapsed time spent in this place.
 B = Non-inter-level travel time spent in this place.
 C = Inter-level travel time spent in this place.
 D = Time resting spent in this place.
 E = Time spent auto-exploring this place.
 F = Levels seen in this place.
 G = Mean time per level.
                   A        B        C        D        E       F      G
               +--------+--------+--------+--------+--------+-----+--------+
         Total |  10574 |  10190 |    384 |   2045 |   6157 |   9 | 1174.9 |
       Dungeon |   9756 |   9372 |    384 |   1906 |   5631 |   8 | 1219.5 |
        Bailey |    818 |    818 |      0 |    139 |    526 |   1 |  818.0 |
               +--------+--------+--------+--------+--------+-----+--------+

Top non-repeatable levels by time:
     D:6: 2361 daAuts
     D:7: 1625 daAuts
     D:3: 1450 daAuts
     D:4: 1061 daAuts
     D:2: 1045 daAuts
     D:1: 818 daAuts
  Bailey: 818 daAuts
     D:5: 767 daAuts
     D:8: 626 daAuts
